 BcadrenCrawl: Boulder Brew version 0.04.2-20-g1dbc4a6302 (webtiles) character file.

Game seed: 8657448897700138924, levelgen mode: deterministic

3570 st0uf the Nimble (level 9, -6/78 HPs) Pink Draconian Demonspawn. Began on May 24, 2021. Mangled by a guardian mummy ... wielding a +0 dire flail (33 damage) ... on level 4 of the Dungeon. The game lasted 00:23:08 (3934 turns).

st0uf the Nimble (Pink Draconian Demonspawn)        Turns: 3934, Time: 00:23:08

Health: -6/78      AC: 11    Str: 16    XL:     9 ^: 427
Magic:  18/18      EV: 20    Int: 13    God:
Gold:   316        SH:  0    Dex: 14    Spells: 17/20 levels left

rFire    . . .     Vision   .     - Unarmed
rCold    . . .     Gourm    .     - Unarmed
rNeg     + . .     Faith    .   (armour unavailable)
rPois    .         Spirit   .   (helmet restricted)
rElec    .         Reflect  .   t - +2 cloak {+Inv}
rCorr    .         Harm     .   (no gloves)
MR       .....     Clarity  +   (no boots)
Stlth    ++........             (no amulet)
HPRegen  7.36/turn              a - ring of positive energy
MPRegen  0.28/turn              (no ring)

@: marked
A: no body armour, unfitting armour, hooves 1, repulsion field 2, powered by
death 2, spiny 1, cold-blooded, summoning enhancer 1, clarity, AC +8
a: Breathe Butterflies, Evoke Invisibility


You were on level 4 of the Dungeon.
You were hungry.

You visited 2 branches of the dungeon, and saw 5 of its levels.

You collected 316 gold pieces.

Inventory:

Armour
 t - a +2 cloak of invisibility (worn)
Jewellery
 a - a ring of positive energy (left hand)
 o - a cursed ring of stealth {(Curse: *Drain MR-)}
 r - a cursed ring of ice {(Curse: *Corrode)}
Wands
 p - a wand of flame (2)
Scrolls
 d - a scroll of teleportation
 f - 4 scrolls of amnesia
 g - 2 scrolls of magic mapping
 l - a scroll of fear
 m - a scroll of bless item
 q - a scroll of acquirement
Potions
 c - 2 potions of ambrosia
 e - 4 potions of curing
 h - 2 potions of cure mutation
 i - a potion of agility
 k - a potion of invisibility
 n - 2 potions of might
 s - a potion of cancellation
Comestibles
 b - 10 rations


   Skills:
 * Level 6.4 Fighting
 + Level 8.2 Dodging
 - Level 2.0 Stealth
 - Level 2.2 Unarmed Combat
 * Level 6.0 Spellcasting
 * Level 6.2 Summonings
 - Level 1.5 Fire Magic
   Level 3.0 Invocations


You had 17 spell levels left.
You knew the following spells:

 Your Spells              Type           Power        Failure   Level  Hunger
a - Flame Tongue          Fire           7 (30)       9%          1    None
b - Call Imp              Summ           30 (100)     1%          2    ##.....

Your spell library contained the following spells:

 Spells                   Type           Power        Failure   Level  Hunger
 Blink                    Tloc           N/A          26%         2    ##.....
 Slow                     Hex            3 (100)      26%         2    ##.....
 Conjure Flame            Fire           7 (100)      26%         3    ###....
 Mephitic Cloud           Pois/Air       3 (100)      45%         3    ###....


Dungeon Overview and Level Annotations

Branches:
Dungeon (4/8)              Temple (1/1) D:4

Altars:
Ashenzari
Cheibriados
Dithmenos
Fedhas Madash
Gozag Ym Sagoz
Hepliaklqana
Kikubaaqudgha
Makhleb
Nemelex Xobeh
Okawaru
Qazlal
Ru
Sif Muna
Trog
Uskayaw
Wu Jian
Xom
Yredelemnul
The Shining One

Shops:
D:4 [

Annotations:
D:3 exclusion: door


Innate Abilities, Weirdness & Mutations

You cannot fit into any form of body armour.
Your fierce pink scales are resilient. (AC +8)
You can breathe friendly butterflies.
You have large cloven feet.
You are surrounded by a moderate repulsion field. (EV +3)
You regenerate health from kills.
You are partially covered in sharp spines.
You are cold-blooded and may be slowed by cold attacks.
You are in touch with the powers of summonings.
Your fierce pink scales grant you exceptional clarity of mind. (clarity)


Message History

You hit the scorpion (1). You hit the scorpion but do no damage.
You kick the scorpion, but do no damage.
The scorpion is heavily wounded. (8/17) HP The wraith barely misses you (0).
The scorpion is struck by your spines (6).
The scorpion barely misses you (0).
The scorpion is struck by your spines (2).
You kill the scorpion!
The wraith misses you (0). The mummy is struck by your spines (1).
The mummy closely misses you (0).
The guardian mummy is struck by your spines (5).
The guardian mummy hits you with a halberd (20)!!
* * * LOW HITPOINT WARNING * * *
You see here a scorpion corpse.
Unknown command.
You hit the mummy but do no damage. You hit the mummy (2).
The mummy is moderately damaged. (11/18) HP The guardian mummy is struck by your spines (7)!
The guardian mummy hits you with a dire flail (33)!!
You die...

#ยง..#
##.##...##
#...#
##.##'##
#...# ##.#.#
#...# ##..#
#...# ##.##
#...#
######...##
#...#
..........###
##'MM##
#####....###.
##.ZW@.##
#.#.###..
#:..M..:#
#........
#=.^.....}#
#########
##!.....[##
##..>..##
#######


You could see 2 guardian mummies, a wraith, a mummy and a howler monkey
skeleton.

Vanquished Creatures
  Maurice (D:4)
  Prince Ribbit (D:3)
  Sigmund (D:2)
  Menkaure (D:3)
  A guardian mummy (D:4)
  A phantom (D:4)
  A water moccasin (D:2)
  A porcupine (D:3)
  5 scorpions
  5 ogres
  2 big kobolds (D:2)
  3 bullfrogs (D:4)
  3 wights (D:4)
  A jelly (D:2)
  A crimson imp (D:3)
  An orc wizard (D:3)
  A gnoll shaman (D:4)
  A mummy (D:4)
  5 worker ants
  2 iguanas (D:3)
  A wyvern zombie (D:4)
  A water moccasin skeleton (D:4)
  4 giant cockroaches (D:2)
  A porcupine zombie (D:4)
  7 bullfrog skeletons
  2 porcupine skeletons (D:4)
  4 adders
  5 gnolls (D:4)
  20 sewer rats (D:2)
  8 cinder newts
  2 worms (D:2)
  3 hound zombies (D:4)
  A howler monkey zombie (D:4)
  A killer bee zombie (D:4)
  4 hound skeletons (D:4)
  2 oozes
  3 worker ant zombies (D:4)
  2 dart slugs (D:1)
  A leopard gecko (D:2)
  11 orcs
  3 adder skeletons (D:4)
  2 ball pythons
  3 hobgoblins (D:1)
  6 jackals
  A quokka (D:4)
  5 bats
  6 goblins (D:1)
  2 jackal skeletons (D:4)
  A jackal zombie (D:4)
  6 kobolds
  3 leopard gecko skeletons (D:4)
  An orc skeleton (D:2)
  2 quokka zombies (D:4)
  3 rats
165 creatures vanquished.

Vanquished Creatures (others)
  A cinder newt (D:3)
  2 kobolds (D:2)
  2 butterflies (D:2)
  62 withered plants (D:2)
67 creatures vanquished.

Grand Total: 232 creatures vanquished

Notes
Turn   | Place    | Note
-------+----------+-------------------------------------------
     0 | D:1      | st0uf the Immature Draconian Demonspawn began the quest for
                  | the Orb.
     0 | D:1      | Reached XP level 1. HP: 16/16 MP: 3/3
   107 | D:1      | Gained mutation: You are partially covered in sharp spines.
                  | [demonic ancestry]
   107 | D:1      | Reached XP level 2. HP: 15/23 MP: 4/4
   115 | D:1      | Reached skill level 3 in Dodging
   166 | D:1      | Gained mutation: You are surrounded by a mild repulsion
                  | field. (EV +2) [demonic ancestry]
   166 | D:1      | Reached XP level 3. HP: 27/28 MP: 5/5
   753 | D:2      | Gained mutation: You are surrounded by a moderate repulsion
                  | field. (EV +3) [demonic ancestry]
   753 | D:2      | Reached XP level 4. HP: 35/35 MP: 6/6
   897 | D:2      | Reached XP level 5. HP: 34/40 MP: 7/7
   900 | D:2      | Reached skill level 4 in Dodging
  1068 | D:2      | Gained mutation: You regenerate a little health from kills.
                  | [demonic ancestry]
  1068 | D:2      | Reached XP level 6. HP: 40/48 MP: 4/8
  1244 | D:2      | Reached skill level 5 in Dodging
  1344 | D:2      | Noticed a water moccasin
  1372 | D:2      | Killed a water moccasin
  1415 | D:2      | Noticed Sigmund
  1574 | D:2      | Your scales start taking on a fierce pink colour.
  1574 | D:2      | Reached XP level 7. HP: 55/55 MP: 9/9
  1574 | D:2      | Gained mutation: You have large cloven feet. [demonic
                  | ancestry]
  1574 | D:2      | Gained mutation: Your fierce pink scales grant you
                  | exceptional clarity of mind. (clarity) [Pink Draconian
                  | growth]
  1574 | D:2      | Gained mutation: You are in touch with the powers of
                  | summonings. [Pink Draconian growth]
  1635 | D:2      | Learned a level 2 spell: Call Imp
  1967 | D:2      | Killed Sigmund
  1967 | D:2      | Reached skill level 6 in Dodging
  1967 | D:2      | Reached skill level 1 in Summonings
  2027 | D:3      | Noticed Prince Ribbit
  2041 | D:3      | Killed Prince Ribbit
  2041 | D:3      | Reached XP level 8. HP: 49/64 MP: 9/13
  2229 | D:3      | Found a shimmering blue altar of Sif Muna.
  2355 | D:3      | Noticed Menkaure
  2359 | D:3      | Killed Menkaure
  2564 | D:3      | Found a hazy altar of Hepliaklqana.
  2566 | D:3      | Found an ornate altar of the Wu Jian Council.
  2787 | D:4      | Connectivity tunneler affected ossuary_due_mausoleum.
  2790 | D:4      | Found a staircase to the Ecumenical Temple.
  2799 | Temple   | Entered the Ecumenical Temple
  2962 | D:4      | Reached skill level 7 in Dodging
  2975 | D:4      | Reached skill level 5 in Fighting
  2988 | D:4      | Gained mutation: You regenerate health from kills. [demonic
                  | ancestry]
  2988 | D:4      | Reached XP level 9. HP: 26/74 MP: 16/16
  3000 | D:4      | Reached skill level 5 in Spellcasting
  3018 | D:4      | Reached skill level 5 in Summonings
  3245 | D:4      | Identified a scroll of acquirement
  3435 | D:4      | Found Rohuatzism's Antique Armour Boutique.
  3585 | D:4      | Noticed Maurice
  3606 | D:4      | Killed Maurice
  3913 | D:4      | Reached skill level 8 in Dodging
  3934 | D:4      | Mangled by a guardian mummy

Levels and vault maps discovered:
D:1:      mushboom_english_gardens, layout_basic
D:2:      layout_sewer, uniq_sigmund
D:3:      layout_loops_ring, led_sif_book, nicolae_overflow_hidden_temple,
          first_ration, roderic_roman_lattice, lemuel_flamethrower_2,
          uniq_prince_ribbit1, uniq_menkaure
D:4:      ossuary_due_mausoleum, layout_loops_corners,
          minmay_temple_entry_waves, serial_shops, shop, enter_ossuary_1,
          uniq_maurice
Temple:   regret_index_temple_sphere_string

Skill      XL: |  1  2  3  4  5  6  7  8  9 |
---------------+----------------------------+-----
Unarmed Combat | 2 |  2.2
Dodging        | 3 4 5 6 7 8 |  8.2
Stealth        | 2 |  2.0
Fighting       | 2 3 5 6 |  6.4
Spellcasting   | 3 4 6 |  6.0
Summonings     | 2 4 6 |  6.2
Fire Magic     | |  1.5
Invocations    | |  3.0

Action                   |  1- 3 |  4- 6 |  7- 9 || total
-------------------------+-------+-------+-------++-------
Melee: Unarmed           |    92 |   289 |   629 ||  1010
       Tailslap          |     1 |     8 |    50 ||    59
       Kick              |       |       |   111 ||   111
 Cast: Call Imp          |       |       |     5 ||     5
  Use: Potion            |       |       |     1 ||     1
 Stab: Sleeping          |     3 |     2 |     5 ||    10
  Eat: Chunk             |       |     3 |     8 ||    11
Armor: Skin              |     9 |    14 |    43 ||    66
Dodge: Dodged            |    17 |    88 |   186 ||   291
